 Dungeon Crawl Stone Soup version 0.23.2-33-g5129a83184 (webtiles) character file.

Game seed: 1539261103905770729

542 DungeonDestroyer the Vexing (level 7, -6/52 HPs)
             Began as a Gnoll Arcane Marksman on July 27, 2019.
             Mangled by Duvessa
             ... wielding a +0 short sword
              (9 damage)
             ... on level 5 of the Dungeon.
             The game lasted 00:13:04 (3790 turns).

DungeonDestroyer the Vexing (Gnoll Arcane Marksman) Turns: 3790, Time: 00:13:05

Health: -6/52      AC:  3    Str: 12    XL:     7   Next: 27%
Magic:  12/12      EV: 15    Int: 16    God:
Gold:   169        SH:  0    Dex: 17    Spells: 4/13 levels left

rFire    . . .     SeeInvis .   a - +0 hand crossbow
rCold    . . .     Gourm    .   (no shield)
rNeg     . . .     Faith    .   e - +0 robe
rPois    +         Spirit   .   (no helmet)
rElec    .         Reflect  .   c - scarf {cloud immunity}
rCorr    .         Harm     .   (no gloves)
MR       .....                  i - +0 pair of boots
Stlth    ++........             (no amulet)
HPRegen  0.17/turn              q - ring of poison resistance
MPRegen  0.13/turn              (no ring)

@: no status effects
A: distributed training, fangs 1, strong nose
a: no special abilities


You were on level 5 of the Dungeon.
You were hungry.

You visited 1 branch of the dungeon, and saw 5 of its levels.

You collected 169 gold pieces.

Inventory:

Hand Weapons
 a - a +0 hand crossbow (weapon)
Missiles
 d - 14 bolts (quivered)
 g - 9 needles of sleeping
 h - 17 poisoned needles
 r - 6 needles of confusion
Armour
 c - a scarf of cloud immunity (worn)
 e - a +0 robe (worn)
 i - a +0 pair of boots (worn)
Jewellery
 q - a ring of poison resistance (left hand)
Wands
 m - a wand of random effects (21)
Scrolls
 l - a scroll of fog
 o - a scroll of remove curse
Potions
 b - a potion of haste
 n - a potion of brilliance
 p - a potion of curing
Comestibles
 f - 5 rations


   Skills:
 + Level 3.5 Fighting
 + Level 2.3 Short Blades
 + Level 2.3 Long Blades
 + Level 2.3 Axes
 + Level 2.3 Maces & Flails
 + Level 2.3 Polearms
 + Level 2.3 Staves
 + Level 2.3 Slings
 + Level 2.3 Bows
 + Level 5.1 Crossbows
 + Level 2.3 Throwing
 + Level 2.3 Armour
 + Level 5.1 Dodging
 + Level 2.3 Stealth
 + Level 2.3 Shields
 + Level 2.3 Unarmed Combat
 + Level 3.7 Spellcasting
 + Level 1.9 Conjurations
 + Level 5.8 Hexes
 + Level 1.9 Charms
 + Level 1.9 Summonings
 + Level 1.9 Necromancy
 + Level 1.9 Translocations
 + Level 1.9 Transmutations
 + Level 1.9 Fire Magic
 + Level 1.9 Ice Magic
 + Level 1.9 Air Magic
 + Level 1.9 Earth Magic
 + Level 1.9 Poison Magic
 + Level 2.5 Invocations
 + Level 2.3 Evocations


You had 4 spell levels left.
You knew the following spells:

 Your Spells              Type           Power        Failure   Level  Hunger
a - Corona                Hex            ###....      1%          1    None
b - Slow                  Hex            ###.....     2%          2    ##.....
c - Portal Projectile     Hex/Tloc       ###...       11%         3    ###....
d - Inner Flame           Hex/Fire       ###.....     11%         3    ###....

Your spell library contained the following spells:

 Spells                   Type           Power        Failure   Level  Hunger
 Cause Fear               Hex            ###.......   16%         4    ####...
 Leda's Liquefaction      Hex/Erth       ###.......   34%         4    ####...


Dungeon Overview and Level Annotations

Branches:
Dungeon (5/15)
 Temple: D:4-7

Altars:
Nemelex Xobeh
Xom

Annotations:
D:5 Dowan, Duvessa


Innate Abilities, Weirdness & Mutations

Your experience applies equally to all skills.
You have very sharp teeth.
Your uncanny sense of smell can sniff out nearby items.


Message History

You shoot a bolt.
The bolt hits Duvessa but does no damage.
Duvessa is heavily wounded.
Duvessa closely misses you. Duvessa misses you.
Firing (i - inventory)
d - 16 bolts (quivered)
Press: ? - help, Shift-Dir - straight line, f/p - Duvessa
Aim: Duvessa, wielding a +0 short sword and wearing a +0 leather armour (heavily wounded, fast)
You shoot a bolt. The bolt closely misses Duvessa.
Duvessa yells, "You can run, but you cannot escape us forever!"
Duvessa hits you with a +0 short sword.
* * * LOW HITPOINT WARNING * * *
Dowan casts a spell.
Dowan blinks!
Firing (i - inventory)
d - 15 bolts (quivered)
Press: ? - help, Shift-Dir - straight line, f/p - Duvessa
Aim: Duvessa, wielding a +0 short sword and wearing a +0 leather armour (heavily wounded, fast)
You shoot a bolt. The bolt hits Duvessa!
Duvessa is almost dead.
Duvessa hits you with a +0 short sword!
You die...

#.......# #.# ...
#####...# #.# #.#
#...# #.# #.#
#...# #.. ..#
#...# ### .##
#...# #.>.#
#.######...####
.......@........∆
.....(.e.....#..
#......(........
########...#####
#...# #e..# #(..#
(((#


You could see Duvessa and Dowan.

Vanquished Creatures
  A phantom (D:4)
  An ogre (D:4)
  A crimson imp (D:5)
  A hound (D:5)
  2 iguanas (D:5)
  3 orc wizards
  A worker ant (D:4)
  A howler monkey zombie (D:2)
  A worker ant zombie (D:5)
  4 adders
  An ooze (D:1)
  2 worms
  A dart slug (D:3)
  A leopard gecko (D:2)
  16 orcs
  5 giant cockroaches
  6 goblins
  3 hobgoblins (D:1)
  3 jackals (D:4)
  7 kobolds
  2 quokkas
  4 ball pythons
  6 bats
  5 frilled lizards
  11 rats
89 creatures vanquished.

Notes
Turn   | Place    | Note
-------+----------+-------------------------------------------
     0 | D:1      | DungeonDestroyer the Gnoll Arcane Marksman began the quest
                  | for the Orb.
     0 | D:1      | Reached XP level 1. HP: 17/17 MP: 4/4
     3 | D:1      | Noticed an electric eel
     3 | D:1      | Noticed an electric eel
    44 | D:1      | Reached XP level 2. HP: 19/23 MP: 5/5
   487 | D:1      | Reached XP level 3. HP: 28/28 MP: 7/7
   897 | D:2      | Reached skill level 1 in Invocations
   905 | D:2      | Reached skill level 1 in Short Blades
   905 | D:2      | Reached skill level 1 in Long Blades
   905 | D:2      | Reached skill level 1 in Axes
   905 | D:2      | Reached skill level 1 in Maces & Flails
   905 | D:2      | Reached skill level 1 in Polearms
   905 | D:2      | Reached skill level 1 in Staves
   905 | D:2      | Reached skill level 1 in Slings
   905 | D:2      | Reached skill level 1 in Bows
   905 | D:2      | Reached skill level 1 in Throwing
   905 | D:2      | Reached skill level 1 in Armour
   905 | D:2      | Reached skill level 1 in Stealth
   905 | D:2      | Reached skill level 1 in Shields
   905 | D:2      | Reached skill level 1 in Unarmed Combat
   905 | D:2      | Reached skill level 1 in Evocations
   966 | D:2      | Reached XP level 4. HP: 34/34 MP: 8/8
  1478 | D:2      | Learned a level 2 spell: Slow
  1482 | D:2      | Learned a level 3 spell: Portal Projectile
  1486 | D:2      | Learned a level 3 spell: Inner Flame
  1576 | D:3      | Reached skill level 1 in Conjurations
  1576 | D:3      | Reached skill level 1 in Charms
  1576 | D:3      | Reached skill level 1 in Summonings
  1576 | D:3      | Reached skill level 1 in Necromancy
  1576 | D:3      | Reached skill level 1 in Translocations
  1576 | D:3      | Reached skill level 1 in Transmutations
  1576 | D:3      | Reached skill level 1 in Fire Magic
  1576 | D:3      | Reached skill level 1 in Ice Magic
  1576 | D:3      | Reached skill level 1 in Air Magic
  1576 | D:3      | Reached skill level 1 in Earth Magic
  1576 | D:3      | Reached skill level 1 in Poison Magic
  1576 | D:3      | Reached XP level 5. HP: 19/40 MP: 9/9
  2227 | D:3      | Found a shimmering altar of Xom.
  2334 | D:3      | Found a sparkling altar of Nemelex Xobeh.
  2548 | D:4      | Noticed an ogre
  2589 | D:4      | Killed an ogre
  2589 | D:4      | Reached XP level 6. HP: 4/47 MP: 9/11
  2958 | D:4      | Reached skill level 5 in Crossbows
  2958 | D:4      | Reached skill level 5 in Dodging
  3302 | D:4      | Noticed a phantom
  3323 | D:4      | Killed a phantom
  3463 | D:5      | Entered Level 5 of the Dungeon
  3471 | D:5      | Reached XP level 7. HP: 37/52 MP: 12/12
  3773 | D:5      | Noticed Dowan
  3775 | D:5      | Noticed Duvessa
  3790 | D:5      | Mangled by Duvessa

Skill      XL: |  1  2  3  4  5  6 |
---------------+-------------------+-----
Invocations    | 1 2 |  2.5
Short Blades   | 1 2 |  2.3
Long Blades    | 1 2 |  2.3
Axes           | 1 2 |  2.3
Maces & Flails | 1 2 |  2.3
Polearms       | 1 2 |  2.3
Staves         | 1 2 |  2.3
Slings         | 1 2 |  2.3
Bows           | 1 2 |  2.3
Throwing       | 1 2 |  2.3
Armour         | 1 2 |  2.3
Stealth        | 1 2 |  2.3
Shields        | 1 2 |  2.3
Unarmed Combat | 1 2 |  2.3
Evocations     | 1 2 |  2.3
Spellcasting   | 3 |  3.7
Conjurations   | 1 |  1.9
Charms         | 1 |  1.9
Summonings     | 1 |  1.9
Necromancy     | 1 |  1.9
Translocations | 1 |  1.9
Transmutations | 1 |  1.9
Fire Magic     | 1 |  1.9
Ice Magic      | 1 |  1.9
Air Magic      | 1 |  1.9
Earth Magic    | 1 |  1.9
Poison Magic   | 1 |  1.9
Fighting       | 3 |  3.5
Crossbows      | 5 |  5.1
Dodging        | 5 |  5.1
Hexes          | |  5.8

Action                   |  1- 3 |  4- 6 |  7- 9 || total
-------------------------+-------+-------+-------++-------
Melee: Hand crossbow     |       |     1 |       ||     1
 Fire: Hand crossbow     |    65 |   150 |    48 ||   263
  Use: Potion            |     1 |     3 |       ||     4
       Scroll            |       |     7 |       ||     7
  Eat: Ration            |       |     2 |       ||     2
       Chunk             |       |     1 |       ||     1
Armor: Robe              |       |     2 |     7 ||     9
Dodge: Dodged            |    12 |    49 |    21 ||    82
